 Dungeon Crawl Stone Soup version 0.15.2 (webtiles) character file.

4520 magipi the Cleaver (level 10, -7/86 HPs)
             Began as a Hill Orc Skald on Aug 28, 2015.
             Was an Elder of Makhleb.
             Mangled by an orc warrior
             ... wielding a +0 trident
              (19 damage)
             ... in a bailey.
             The game lasted 00:57:48 (6435 turns).

magipi the Cleaver (Hill Orc Skald)                 Turns: 6435, Time: 00:57:48

HP  -7/86        AC 10     Str 16      XL: 10   Next: 39%
MP  14/14        EV 12     Int 12      God: Makhleb [****..]
Gold 105         SH  0     Dex 13      Spells:  3 memorised,  5 levels left

rFire  . . .     SeeInvis +     a - +1 battleaxe of Greed {chop, rN+ SInv}
rCold  . . .     Clarity  .     i - +0 ring mail
rNeg   + + .     rCorr    .     (no shield)
rPois  .         rRot     .     P - +0 hat
rElec  .         Spirit   .     C - +2 cloak "Wijuatomi" {Slay+4}
SustAb .         Warding  .     g - +1 pair of gloves
rMut   .         Stasis   .     (no boots)
Gourm  .                        m - amulet of faith
MR     .....                    n - ring of positive energy
                                Q - +3 ring of evasion

@: not resistant to hostile enchantments, very unstealthy
A: no striking features
a: Minor Destruction, Lesser Servant of Makhleb, Major Destruction, Renounce
Religion


You were in a bailey.
You worshipped Makhleb.
Makhleb was greatly pleased with you.
You were hungry.

You visited 2 branches of the dungeon, and saw 11 of its levels.
You also visited: Sewer and Bailey.

You collected 461 gold pieces.
You spent 356 gold pieces at shops.

Inventory:

Hand weapons
 a - the +1 battleaxe of Greed (weapon) {chop, rN+ SInv}
   (You bought it in a shop on level 6 of the Dungeon)

   It inflicts extra damage upon your enemies.
   It protects you from negative energy.
   It enhances your eyesight.
 b - a +0 blowgun
Missiles
 k - 6 tomahawks (quivered)
 q - 6 poisoned needles
 s - a throwing net
 v - 7 tomahawks of dispersal
Armour
 g - a +1 pair of gloves (worn)
 i - a +0 ring mail (worn)
 C - the +2 cloak "Wijuatomi" (worn) {Slay+4}
   (You found it on level 6 of the Dungeon)

   It affects your accuracy and damage with ranged weapons and melee attacks
   (+4).
 P - a +0 hat (worn)
Magical devices
 j - a wand of disintegration (10)
 l - a wand of magic darts (24)
 p - a wand of fire (7)
 N - a wand of polymorph (10)
 O - a wand of lightning (4)
Comestibles
 d - 6 meat rations
 t - 3 bread rations
 D - a beef jerky
Scrolls
 e - a scroll of amnesia
 r - a scroll of enchant weapon
 y - 2 scrolls of recharging
 E - a scroll of fog
 F - 3 scrolls of remove curse
 K - 3 scrolls of identify
 L - a scroll of teleportation
 M - a scroll of enchant armour
Jewellery
 c - an uncursed ring of ice
 f - an uncursed ring of fire
 m - an amulet of faith (around neck)
 n - a ring of positive energy (right hand)
 w - an uncursed ring of sustain abilities
 Q - a +3 ring of evasion (left hand)
 R - the ring "Erphutynt" {rElec rC+ Str+3, unknown}
   (You took it off an orc in a bailey)

   [ring of strength]

   It affects your strength (+3).
   It protects you from cold.
   It insulates you from electricity.
Potions
 h - 2 potions of resistance
 o - a potion of brilliance
 u - 3 potions of curing
 A - a potion of lignification
 G - a potion of might
 H - a potion of cancellation
Books
 x - a book of Fire

   Spells                             Type                      Level
   Ignite Poison                      Fire/Transmutation           5
   Fireball                           Conjuration/Fire             5
   Bolt of Fire                       Conjuration/Fire             6
   Delayed Fireball                   Conjuration/Fire             7
   Ring of Flames                     Charms/Fire                  7
 z - a book of Death

   Spells                             Type                      Level
   Corpse Rot                         Necromancy                   2
   Sublimation of Blood               Necromancy                   2
   Agony                              Necromancy                   5
   Dispel Undead                      Necromancy                   5
   Excruciating Wounds                Charms/Necromancy            5
   Bolt of Draining                   Conjuration/Necromancy       5
 B - a book of Geomancy

   Spells                             Type                      Level
   Sandblast                          Earth                        1
   Stoneskin                          Transmutation/Earth          2
   Passwall                           Transmutation/Earth          3
   Stone Arrow                        Conjuration/Earth            3
   Petrify                            Transmutation/Earth          4
   Lee's Rapid Deconstruction         Earth                        5
 I - a book of Battle

   Spells                             Type                      Level
   *Infusion                          Charms                       1
   Shroud of Golubria                 Charms/Translocation         2
   Song of Slaying                    Charms                       2
   *Spectral Weapon                   Hexes/Charms                 3
   *Regeneration                      Charms/Necromancy            3
 J - a book of Callings

   Spells                             Type                      Level
   Summon Small Mammal                Summoning                    1
   Call Imp                           Summoning                    2
   Call Canine Familiar               Summoning                    3
   Summon Guardian Golem              Hexes/Summoning              4
   Summon Lightning Spire             Summoning/Air                4
   Summon Ice Beast                   Ice/Summoning                4


   Skills:
 - Level 7.2 Fighting
 - Level 12.1 Axes
 - Level 1.1 Armour
 - Level 0.7 Dodging
 - Level 1.5 Spellcasting
 - Level 4.2 Hexes
 - Level 6.2 Charms
 - Level 6.1 Necromancy
 + Level 2.7 Invocations


You had 5 spell levels left.
You knew the following spells:

 Your Spells              Type           Power        Failure   Level  Hunger
a - Infusion              Chrm           ###...       2%          1    ##.....
r - Regeneration          Chrm/Necr      ###.......   10%         3    ####...
w - Spectral Weapon       Hex/Chrm       ##......     14%         3    ####...


Dungeon Overview and Level Annotations

Branches:
Dungeon (10/15)            Temple (1/1) D:6
    Orc: D:9-12        Lair: D:8-11

Altars:
Ashenzari
Cheibriados
Dithmenos
Elyvilon
Fedhas
Kikubaaqudgha
Makhleb
Nemelex Xobeh
Okawaru
Qazlal
Sif Muna
Trog
Vehumet
Xom
Yredelemnul
Zin
The Shining One

Shops:
D:6 (   D:10 =[

Annotations:
D:3 kosy22's ghost, weakling TeSu
D:5 comborobin's ghost, experienced OgNe
D:6 magipi's ghost, experienced HOSk

Vault maps used:
D:1:      dpeg_arrival_shelter
D:4:      first_bread, minmay_lizard_king
D:5:      portal_sewer_entry_d, eino_curves_01, nicolae_dithmenos_shadow_blocks,
          uniq_eustachio, uniq_edmund
D:6:      yredelemnul_forgotten_temple_becter, minmay_temple_entry_overgrown,
          serial_shops, shop
D:8:      uniq_joseph, uniq_prince_ribbit1
D:9:      uniq_pikel
D:10:     lemuel_slime, serial_shops, shop, nicolae_shop_waterfront, shop, shop,
          shop, basic_altar, enter_bailey_2
Temple:   nicolae_temple_x_marks_the_god_16
Sewer:    sewer_co_tree
Bailey:   bailey_polearm_1, bailey


Message History

The orc knight roars a battle-cry!
The orc warriors go into a battle-frenzy!
You swing at nothing.
The orc closely misses you.
You swing at nothing.
Your skin stops crawling.
The orc barely misses you.
Unknown command.
The orc hits you from afar with a halberd.
The orc hits you with a halberd!
You barely miss the orc. The orc closely misses you.
You slice the orc!!
You kill the orc!
Makhleb accepts your kill.
You feel a little better.
b - a +0 blowgun (weapon)
You swing at nothing.
You swing at nothing.
You swing at nothing.
You swing at nothing.
You swing at nothing.
Casting: Regeneration
Confirm with . or Enter, or press ? or * to list all spells.
Your skin crawls.
You swing at nothing.
You swing at nothing.
You swing at nothing.
Your magical contamination has completely faded away.
You swing at nothing.
You swing at nothing.
Your skin is crawling a little less now.
You swing at nothing.
You swing at nothing.
You swing at nothing.
Your skin stops crawling.
You swing at nothing.
You swing at nothing.
You swing at nothing.
You swing at nothing.
You swing at nothing.
You swing at nothing.
You swing at nothing.
You swing at nothing.
You swing at nothing.
You swing at nothing.
You swing at nothing.
You swing at nothing.
You swing at nothing.
You swing at nothing.
You swing at nothing.
You swing at nothing.
You swing at nothing.
You swing at nothing.
You are feeling hungry.
You swing at nothing.
You swing at nothing.
You swing at nothing.
You swing at nothing.
a - the +1 battleaxe of Greed (weapon)
{chop, rN+ SInv} Eat which item? (? for menu, Esc to quit)
Okay, then.
The orc knight shouts!
The orc knight roars a battle-cry!
The orc warriors go into a battle-frenzy!
R - a slimy brass ring
There is an open door, spattered with blood here.
Things that are here:
a halberd; a ring mail; an orc corpse The orc warrior hits you from afar with a glaive.
The orc warrior hits you from afar with a spear!
The orc knight closely misses you. The orc warrior misses you.
The orc warrior hits you from afar with a glaive!!
* * * LOW HITPOINT WARNING * * *
Unknown command.
You open the door.
An orc warrior comes into view. It is wielding a trident.
The orc warrior shouts!
The orc knight roars a battle-cry!
The orc warrior goes into a battle-frenzy!
There is an open door here.
The orc warrior closely misses you.
You barely miss the orc warrior. The orc warrior closely misses you.
You hit the orc warrior.
The orc warrior is lightly wounded.
The orc warrior hits you with a trident.
* * * LOW HITPOINT WARNING * * *
You closely miss the orc warrior.
The orc warrior is lightly wounded.
The orc warrior misses you.
You hit the orc warrior.
The orc warrior is moderately wounded.
The orc warrior closely misses you.
You slash the orc warrior!
The orc warrior is severely wounded.
The orc warrior hits you with a trident!
* * * LOW HITPOINT WARNING * * *
You hit the orc warrior but do no damage.
The orc warrior is severely wounded.
The orc warrior hits you with a trident!!
You die...

#.≈.##### #####'########
#.≈.##.$$$ ##...§§....#'..
#.≈..## ##..≈§≈≈≈≈≈..##.
#.≈≈..## ##.§≈≈...§.≈≈o.##
#∩.≈≈..# #..§≈o..⌠...≈≈..#
##.≈≈..#+#..≈§oo⌠⌠⌠..≈≈..#
#.≈≈..##.##o§≈≈o...§≈§§.#
#.≈..##.o.'#..§≈≈≈≈§≈..#
#.≈.##...@.##.........#
#.≈.#############)###'####
#.≈.o.o......##.....##....
#.≈≈≈≈≈≈≈≈≈≈..##.∩.##..≈≈≈
#..........≈≈..##.##..≈≈..
##########..≈≈..###..≈≈..#
##..≈≈.....≈≈..##
##..≈≈≈≈≈≈≈..##
##.........##


You could see 3 orc warriors.

Table legend:
 A = Kills in this place as a percentage of kills in entire the game.
 B = Kills by you in this place as a percentage of kills by you in the entire game.
 C = Kills by friends in this place as a percentage of kills by friends in the entire game.
 D = Other kills in this place as a percentage of other kills in the entire game.
 E = Experience gained in this place as a percentage of experience gained in the entire game.
 F = Experience gained in this place divided by the number of levels of this place that you have seen.
                   A       B       C       D       E      F
               +-------+-------+-------+-------+-------+----------------------
         Total | 100.0 | 100.0 |  -nan |  -nan | 100.0 | 496.8
       Dungeon |  80.2 |  80.2 |  -nan |  -nan |  92.0 | 594.4
         Sewer |  13.2 |  13.2 |  -nan |  -nan |   5.2 | 338.0
        Bailey |   6.6 |   6.6 |  -nan |  -nan |   2.7 | 176.0
               +-------+-------+-------+-------+-------+----------------------

Vanquished Creatures
  Pikel (D:9)
  Joseph (D:8)
  Prince Ribbit (D:8)
  Eustachio (D:5)
  Edmund (D:5)
  2 sky beasts
  2 orc warriors
  4 phantoms
  3 ice beasts (D:9)
  4 centaurs
  4 ogres
  2 big kobolds (Sewer)
  4 giant frogs
  3 scorpions
  A hippogriff zombie (D:7)
  3 killer bees (D:9)
  2 crimson imps
  A black bear zombie (D:7)
  3 hounds
  A gnoll shaman (D:6)
  A giant frog skeleton (D:6)
  4 jellies
  A two-headed ogre zombie (D:9)
  2 iguanas
  An orc wizard (D:4)
  3 worker ants
  9 adders
  6 gnolls (D:6)
  A scorpion zombie (D:7)
  A green rat (Sewer)
  2 shadow imps (D:9)
  A giant mite (D:5)
  6 worms
  8 giant geckos
  4 oozes (Sewer)
  30 orcs
  3 giant cockroaches
  9 hobgoblins
  5 quokkas
  A ball python (Sewer)
  15 bats
  8 giant newts
  13 goblins
  21 kobolds
  A kobold skeleton (D:4)
  3 orc skeletons
  10 rats
213 creatures vanquished.

Notes
Turn   | Place    | Note
--------------------------------------------------------------
     0 | D:1      | magipi, the Hill Orc Skald, began the quest for the Orb.
     0 | D:1      | Reached XP level 1. HP: 18/18 MP: 2/2
    21 | D:1      | Reached skill level 3 in Axes
    61 | D:1      | Reached XP level 2. HP: 18/25 MP: 3/3
   162 | D:1      | Reached skill level 4 in Axes
   330 | D:1      | Reached XP level 3. HP: 19/30 MP: 5/5
   581 | D:2      | Reached skill level 5 in Axes
   860 | D:2      | Reached XP level 4. HP: 9/37 MP: 6/6
  1276 | D:3      | Noticed kosy22's ghost (weakling TeSu)
  1393 | D:4      | Reached skill level 6 in Axes
  1637 | D:5      | Entered Level 5 of the Dungeon
  1637 | D:5      | Noticed comborobin's ghost (experienced OgNe)
  1793 | D:4      | Reached XP level 5. HP: 24/42 MP: 7/7
  2053 | D:5      | Reached skill level 7 in Axes
  2054 | D:5      | Noticed Eustachio
  2069 | D:5      | Killed Eustachio
  2069 | D:5      | Reached skill level 8 in Axes
  2069 | D:5      | Reached XP level 6. HP: 32/50 MP: 9/9
  2114 | D:5      | Found a glowing drain.
  2129 | Sewer    | Entered a sewer
  2326 | Sewer    | Reached skill level 9 in Axes
  2410 | Sewer    | Reached XP level 7. HP: 38/56 MP: 10/10
  2563 | Sewer    | Reached skill level 10 in Axes
  2747 | D:5      | Noticed Edmund
  2762 | D:5      | Killed Edmund
  2867 | D:5      | Noticed an ogre
  2885 | D:5      | Killed an ogre
  2885 | D:5      | Reached skill level 11 in Axes
  3021 | D:5      | Noticed a phantom
  3034 | D:5      | Killed a phantom
  3034 | D:5      | Reached XP level 8. HP: 48/62 MP: 5/11
  3041 | D:5      | Learned a level 3 spell: Regeneration
  3120 | D:5      | Found a shadowy altar of Dithmenos.
  3150 | D:5      | Reached skill level 1 in Necromancy
  3196 | D:5      | Got an encrusted buckler
  3316 | D:6      | Noticed magipi's ghost (experienced HOSk)
  3329 | D:6      | Found a staircase to the Ecumenical Temple.
  3352 | Temple   | Entered the Ecumenical Temple
  3398 | Temple   | Became a worshipper of Makhleb the Destroyer
  3904 | D:6      | Identified the -2 buckler of the Gardener {Int+4} (You found it on level 5 of the Dungeon)
  3964 | D:6      | Got a warped cloak
  3970 | D:6      | Identified the +2 cloak "Wijuatomi" {Slay+4} (You found it on level 6 of the Dungeon)
  3973 | D:6      | Found Danafug's Antique Weapon Shop.
  4159 | D:6      | Acquired Makhleb's first power
  4161 | D:6      | Reached skill level 5 in Charms
  4226 | D:6      | Found a basalt altar of Yredelemnul.
  4243 | D:6      | Reached XP level 9. HP: 68/68 MP: 13/13
  4387 | D:7      | Acquired Makhleb's second power
  4387 | D:7      | Reached skill level 5 in Necromancy
  4822 | D:6      | Bought an ancient battleaxe for 356 gold pieces
  4824 | D:6      | Identified the cursed +1 battleaxe of Greed {chop, rN+ SInv} (You bought it in a shop on level 6 of the Dungeon)
  5079 | D:8      | Noticed Joseph
  5087 | D:8      | Killed Joseph
  5114 | D:8      | Reached skill level 12 in Axes
  5199 | D:8      | Learned a level 3 spell: Spectral Weapon
  5203 | D:8      | Acquired Makhleb's third power
  5289 | D:9      | Reached skill level 1 in Hexes
  5308 | D:9      | Reached skill level 5 in Fighting
  5429 | D:8      | Noticed Prince Ribbit
  5462 | D:8      | Killed Prince Ribbit
  5462 | D:8      | Reached XP level 10. HP: 45/83 MP: 12/14
  5530 | D:9      | Noticed Pikel
  5751 | D:9      | Killed Pikel
  5902 | D:10     | Entered Level 10 of the Dungeon
  6006 | D:9      | Reached skill level 1 in Invocations
  6012 | D:10     | Found Datics' Jewellery Shoppe.
  6084 | D:10     | Found Bluwubit's Armour Shoppe.
  6136 | D:10     | Found a flagged portal.
  6147 | Bailey   | Entered a bailey
  6284 | Bailey   | Acquired Makhleb's fourth power
  6354 | Bailey   | Noticed an orc knight
  6420 | Bailey   | Got a slimy brass ring
  6435 | Bailey   | Mangled by an orc warrior

Action                   |  1- 3 |  4- 6 |  7- 9 | 10-12 || total
-------------------------+-------+-------+-------+-------++-------
Melee: Hand axe          |   172 |    83 |       |       ||   255
       War axe           |       |    97 |   245 |       ||   342
       Battleaxe         |       |       |    53 |   109 ||   162
 Fire: Blowgun           |       |       |    11 |       ||    11
Throw: Tomahawk          |       |       |     5 |       ||     5
 Cast: Infusion          |     1 |       |    11 |     1 ||    13
       Regeneration      |       |       |       |     6 ||     6
Evoke: Wand              |       |       |     3 |     3 ||     6
  Use: Scroll            |     3 |     8 |    13 |     1 ||    25
       Potion            |       |       |     2 |       ||     2
  Eat: Chunk             |       |     6 |     6 |     3 ||    15
       Pizza             |       |       |     2 |       ||     2
       Beef jerky        |       |       |     1 |     1 ||     2

Action                   |  1- 3 |  4- 6 |  7- 9 | 10-12 || total
-------------------------+-------+-------+-------+-------++-------
Melee: Hand axe          |   172 |    83 |       |       ||   255
       War axe           |       |    97 |   245 |       ||   342
       Battleaxe         |       |       |    53 |   109 ||   162
 Fire: Blowgun           |       |       |    11 |       ||    11
Throw: Tomahawk          |       |       |     5 |       ||     5
 Cast: Infusion          |     1 |       |    11 |     1 ||    13
       Regeneration      |       |       |       |     6 ||     6
Evoke: Wand              |       |       |     3 |     3 ||     6
  Use: Scroll            |     3 |     8 |    13 |     1 ||    25
       Potion            |       |       |     2 |       ||     2
  Eat: Chunk             |       |     6 |     6 |     3 ||    15
       Pizza             |       |       |     2 |       ||     2
       Beef jerky        |       |       |     1 |     1 ||     2

Action                   |  1- 3 |  4- 6 |  7- 9 | 10-12 || total
-------------------------+-------+-------+-------+-------++-------
Melee: Hand axe          |   172 |    83 |       |       ||   255
       War axe           |       |    97 |   245 |       ||   342
       Battleaxe         |       |       |    53 |   109 ||   162
 Fire: Blowgun           |       |       |    11 |       ||    11
Throw: Tomahawk          |       |       |     5 |       ||     5
 Cast: Infusion          |     1 |       |    11 |     1 ||    13
       Regeneration      |       |       |       |     6 ||     6
Evoke: Wand              |       |       |     3 |     3 ||     6
  Use: Scroll            |     3 |     8 |    13 |     1 ||    25
       Potion            |       |       |     2 |       ||     2
  Eat: Chunk             |       |     6 |     6 |     3 ||    15
       Pizza             |       |       |     2 |       ||     2
       Beef jerky        |       |       |     1 |     1 ||     2
